 Dungeon Crawl Stone Soup version 0.24-a0-117-g53b5160 (webtiles) character file.

Game seed: 16107549433240527752

79 galech the Skirmisher (level 4, -2/35 HPs)
             Began as a Demonspawn Fighter on Feb 18, 2019.
             Killed by nerve-wracking pain
             ... invoked by Grinder
              (15 damage)
             ... on level 3 of the Dungeon.
             The game lasted 00:01:41 (2109 turns).

galech the Skirmisher (Demonspawn Fighter)          Turns: 2109, Time: 00:01:42

Health: -2/35      AC:  6    Str: 21    XL:     4   Next: 17%
Magic:  0/4        EV:  7    Int:  9    God:
Gold:   282        SH:  9    Dex: 14    Spells: 3/3 levels left

rFire    . . .     SeeInvis .   a - +0 war axe
rCold    . . .     Gourm    .   c - +0 shield
rNeg     . . .     Faith    .   b - +0 scale mail
rPois    .         Spirit   +   (no helmet)
rElec    .         Reflect  .   (no cloak)
rCorr    .         Harm     +   (no gloves)
MR       .....                  (no boots)
Stlth    ..........             g - amulet of harm
HPRegen  0.11/turn              (no ring)
MPRegen  0.09/turn              (no ring)

@: mighty
A: spiny 1, magic shield
a: no special abilities


You were on level 3 of the Dungeon.
You were not hungry.

You visited 1 branch of the dungeon, and saw 3 of its levels.

You collected 282 gold pieces.

Inventory:

Hand Weapons
 a - a +0 war axe (weapon)
Armour
 b - a +0 scale mail (worn)
 c - a +0 shield (worn)
Jewellery
 g - an amulet of harm (around neck)
Scrolls
 h - a scroll of random uselessness {unknown}
 i - a scroll of enchant weapon {unknown}
 l - a scroll of fog {unknown}
 m - 2 scrolls of teleportation {unknown}
 o - 2 scrolls of magic mapping {unknown}
 p - a scroll of remove curse {unknown}
Potions
 e - a potion of agility {unknown}
 j - 2 potions of heal wounds {unknown}
 k - 2 potions of curing {unknown}
 n - a potion of lignification {unknown}
 q - a potion of haste {unknown}
Comestibles
 f - 6 rations
 r - 6 chunks of flesh


   Skills:
 + Level 3.3 Fighting
 + Level 2.7 Axes
 + Level 3.1 Armour
 + Level 0.1 Dodging
 + Level 0.7 Stealth
 + Level 3.2 Shields


You had 3 spell levels left.
You didn't know any spells.
Your spell library was empty.

Dungeon Overview and Level Annotations

Branches:
Dungeon (3/15)

Altars:
Elyvilon
Kikubaaqudgha
Xom

Annotations:
D:3 Grinder


Innate Abilities, Weirdness & Mutations

You are partially covered in sharp spines.
When hurt, damage is shared between your health and your magic reserves.


Message History

You are too injured to fight recklessly!
You are too injured to fight recklessly!
You are too injured to fight recklessly!
You are too injured to fight recklessly!
You feel very mighty all of a sudden. Grinder gestures at you.
You resist with significant effort.
You slash Grinder!
Grinder is heavily wounded.
Grinder hits you but does no damage.
You slash Grinder!
Grinder is severely wounded.
You block Grinder's attack. Grinder is struck by your spines.
Grinder closely misses you.
You slash Grinder!
Grinder is almost dead.
Grinder blinks!
Grinder gestures at you. Pain shoots through your body!
You die...

......+ #.#.#
......# #.#.#
........ ###.#.#
#.....#.
..#.#.####
#.....#
###.#.#.#..#
#.....#
...#.#.#..#
#.#..##
###..#.#.#..#
....)# #
#...5#.#.#..## #.
.# #.#
#.@#.......# #
.#..[#..#.#.#.###
....(...#.#.#.#
.#.###........#
#........#.###
#.####.#.#.#
....#.# ...(.#.#
#######


You could see Grinder.

Vanquished Creatures
  2 adders
  An ooze (D:2)
  A worm (D:3)
  2 dart slugs (D:1)
  4 leopard geckos
  3 orcs (D:3)
  A giant cockroach (D:1)
  2 goblins
  3 hobgoblins
  8 jackals
  A kobold (D:3)
  2 quokkas
  6 bats
  3 frilled lizards (D:1)
  2 rats
41 creatures vanquished.

Notes
Turn   | Place    | Note
-------+----------+-------------------------------------------
     0 | D:1      | galech the Demonspawn Fighter began the quest for the Orb.
     0 | D:1      | Reached XP level 1. HP: 18/18 MP: 1/1
   111 | D:1      | Gained mutation: When hurt, damage is shared between your
                  | health and your magic reserves. [demonic ancestry]
   111 | D:1      | Reached XP level 2. HP: 12/24 MP: 2/2
  1105 | D:2      | Found a shimmering altar of Xom.
  1107 | D:2      | Found an opulent altar of Gozag.
  1107 | D:2      | Found a white marble altar of Elyvilon.
  1109 | D:2      | Found an ancient bone altar of Kikubaaqudgha.
  1109 | D:2      | Found an ancient bone altar of Kikubaaqudgha.
  1109 | D:2      | Found a shimmering altar of Xom.
  1158 | D:2      | Gained mutation: You are partially covered in sharp spines.
                  | [demonic ancestry]
  1158 | D:2      | Reached XP level 3. HP: 29/29 MP: 3/3
  1941 | D:3      | Reached XP level 4. HP: 35/35 MP: 4/4
  2099 | D:3      | Noticed Grinder
  2109 | D:3      | Killed from afar by Grinder

Levels and vault maps discovered:
D:1:      minmay_arrival_split_and_join, layout_basic
D:2:      layout_basic, first_ration, serial_glass, glass_columns_a,
          glass_columns_a, glass_columns_a, glass_columns_a, glass_columns_b,
          glass_columns_b, glass_columns_a, glass_columns_b,
          minmay_tree_intersection, doesnt_xom_only_xom
D:3:      layout_basic, kennysheep_orc_chapel, uniq_grinder

Skill      XL: |  1  2  3 |
---------------+----------+-----
Shields        | 3 |  3.2
Axes           | 2 |  2.7
Armour         | 3 |  3.1
Fighting       | |  3.3
Dodging        | |  0.1
Stealth        | |  0.7

Action                   |  1- 3 |  4- 6 || total
-------------------------+-------+-------++-------
Melee: War axe           |   116 |    24 ||   140
  Use: Potion            |       |     1 ||     1
  Eat: Chunk             |     3 |     1 ||     4
Armor: Scale mail        |    62 |    12 ||    74
Dodge: Dodged            |    29 |     4 ||    33
Block: Shield            |    69 |    11 ||    80

Table legend:
 A = Non-vault XP
 B = Vault XP
 C = Vault XP percentage of total XP
 D = Non-vault monster count
 E = Vault monster count
 F = Vault count percentage of total count
                 A         B        C        D         E       F
            +---------+---------+-------+---------+---------+-------
      Total |     114 |       0 |   0.0 |      41 |       0 |   0.0
            +---------+---------+-------+---------+---------+-------
        D:1 |      31 |       0 |   0.0 |      15 |       0 |   0.0
        D:2 |      44 |       0 |   0.0 |      15 |       0 |   0.0
        D:3 |      39 |       0 |   0.0 |      11 |       0 |   0.0
            +---------+---------+-------+---------+---------+-------
